 Dungeon Crawl Stone Soup version 0.31-a0-664-g902f515a81 (webtiles) character file.

Game seed: 7184001290257282584

48 Xavori the Trooper (level 3, 0/20 HPs)
             Began as a Vine Stalker Chaos Knight on Sept 3, 2023.
             Was a Plaything of Xom.
             Slain by a gnoll
             ... wielding a +0 whip
              (5 damage)
             ... on level 1 of the Dungeon.
             The game lasted 00:01:03 (1615 turns).

Xavori the Trooper (Vine Stalker Chaos Knight)      Turns: 1615, Time: 00:01:03

Health: 0/20       AC:  5    Str: 14    XL:     3   Next: 72%
Magic:  0/4        EV: 11    Int: 18    God:    Xom [..*...]
Gold:   74         SH:  0    Dex: 15    Spells: 2/2 levels left

rFire   . . .        a - +0 short sword (chaos)
rCold   . . .        (no shield)
rNeg    . . .        b - +2 leather armour
rPois   .            (no helmet)
rElec   .            (no cloak)
rCorr   .            (no gloves)
SInv    .            (no boots)
Will    .....        (no amulet)
Stlth   +            h - +6 ring of intelligence
HPRegen 1.03/turn    (no ring)
MPRegen 0.09/turn

%: guardian spirit
@: no status effects
A: fangs 2, regeneration 1, magic shield, antimagic bite, no potion heal 2
a: Renounce Religion


You were on level 1 of the Dungeon.
You worshipped Xom.
You were a toy of Xom.
You visited 1 branch of the dungeon, and saw 2 of its levels.

You collected 74 gold pieces.

Inventory:

Hand Weapons
 a - a +0 short sword of chaos (weapon)
Armour
 b - a +2 leather armour (worn)
Jewellery
 h - a +6 ring of intelligence (left hand)
Talismans
 d - a flux talisman
Scrolls
 c - a scroll of butterflies
 f - a scroll of fog {unknown}
 g - a scroll of teleportation {unknown}
 j - a scroll of enchant armour {unknown}
Potions
 e - a potion of curing {unknown}
 i - 2 potions of ambrosia {unknown}


   Skills:
 + Level 3.1 Fighting
 + Level 3.0 Short Blades
 + Level 2.2 Armour
 + Level 0.9 Dodging
 * Level 0.9 Shapeshifting


You had 2 spell levels left.
You didn't know any spells.
Your spell library was empty.

Dungeon Overview and Level Annotations

Branches:
Dungeon (2/15)

Altars:

Annotations:
D:2 Terence


Innate Abilities, Weirdness & Mutations

You have extremely sharp teeth.
Your natural rate of healing is unusually fast.
When hurt, damage is shared between your health and your magic reserves.
Your bite disrupts and absorbs the magic of your enemies.
Potions cannot restore your health.


Message History

You are electrocuted!
The kobold closely misses you. The gnoll hits you with a +0 whip.
You climb upwards.
There is a stone staircase leading down here.
You are too injured to fight recklessly!
You are too injured to fight recklessly!
You hit the gnoll. You bite the gnoll, but do no damage.
The gnoll is lightly wounded.
The gnoll hits you but does no damage. The kobold hits you with a +0 club.
The gnoll barely misses you.
You hit the gnoll.
The gnoll is moderately wounded.
The gnoll hits you but does no damage. The kobold barely misses you.
The gnoll barely misses you.
You barely miss the gnoll. Your bite misses the gnoll.
The gnoll is moderately wounded.
You hit the gnoll but do no damage. You bite the gnoll. You drain its power.
You feel invigorated.
The gnoll is heavily wounded.
The gnoll hits you with a +0 whip. The kobold hits you but does no damage.
The gnoll closely misses you.
You hit the gnoll. Your bite misses the gnoll.
The gnoll is almost dead.
The gnoll closely misses you. The kobold barely misses you.
The gnoll closely misses you.
You closely miss the gnoll. Your bite misses the gnoll.
The gnoll is almost dead.
The gnoll barely misses you. The kobold misses you.
The gnoll hits you but does no damage.
You barely miss the gnoll.
The gnoll is almost dead.
The gnoll hits you with a +0 whip. The kobold hits you with a +0 club.
* * * LOW HITPOINT WARNING * * *
The gnoll hits you with a +0 whip of electrocution.
* * * LOW HITPOINT WARNING * * *
Unknown command.
You hit the gnoll but do no damage.
The gnoll is almost dead.
The gnoll hits you with a +0 whip.
You die...

############################
#............%..............
##.########################.
#.# #. #.# #############.
#.# #.#.#.#.#.#.#. #.#
##.#.#.#.#.#.. #.#
#####.#.#.#.#.#.#. #.#
#@g..#.#.#.#.#.#.† #.#
#Kg...#.#.#.#.#.#. #.#
#.#.##.#.#.#.#.#.. #.#
#.#.#.#.#.#.#.#.#+ #.#
#.#.##.#.#.#.#.#.. #.#
#.#...#.#.#.#.#.#. #.#
#.##.#.#.#.#.#.#..
#.########.###.#.#.#.#.#.#.
#..........####.#.#.#.#.#..


You could see 2 gnolls and a kobold.

Vanquished Creatures
  A gnoll (D:1)
  A dart slug (D:1)
  3 bats (D:1)
  6 endoplasms (D:1)
  8 hobgoblins (D:1)
  2 kobolds (D:1)
  4 quokkas (D:1)
  2 ball pythons (D:1)
  2 frilled lizards (D:1)
  2 rats (D:1)
31 creatures vanquished.

Notes
Turn   | Place    | Note
-------+----------+-------------------------------------------
     0 | D:1      | Xavori the Vine Stalker Chaos Knight began the quest for
                  | the Orb.
     0 | D:1      | Reached XP level 1. HP: 11/11 MP: 2/2
   186 | D:1      | XOM: potion effect (haste)
   187 | D:1      | Reached XP level 2. HP: 16/16 MP: 3/3
   190 | D:1      | XOM: butterfly on damage
   273 | D:1      | XOM: confuse monster(s)
   287 | D:1      | Reached XP level 3. HP: 20/20 MP: 4/4
   469 | D:1      | XOM: butterfly on damage
   571 | D:1      | Found a faded altar of an unknown god.
   837 | D:1      | XOM: 4-stop teleportation journey
  1194 | D:2      | Noticed Terence
  1602 | D:1      | XOM: divination: detect creatures
  1615 | D:1      | Slain by a gnoll

Illustrated notes

Levels and vault maps discovered:
D:1:      shiori_shiawase, layout_basic, ebering_ecumenical_altar_hall,
          minivault_23
D:2:      layout_loops_ring, chequers_garden, uniq_terence

Skill      XL: |  1  2  3 |
---------------+----------+-----
Fighting       | 3 |  3.1
Armour         | 2 |  2.2
Short Blades   | 3 |  3.0
Dodging        | |  0.9
Shapeshifting  | |  0.9

Action                     || total
---------------------------++-------
  Melee: Short sword       ||   117
         Bite              ||    23
         Punch             ||     1
 Armour: Leather armour    ||    53
  Dodge: Dodged            ||    57

Table legend: (Time is in decaauts)
 A = Elapsed time spent in this place.
 B = Non-inter-level travel time spent in this place.
 C = Inter-level travel time spent in this place.
 D = Time resting spent in this place.
 E = Time spent auto-exploring this place.
 F = Levels seen in this place.
 G = Mean time per level.
                   A        B        C        D        E       F      G
               +--------+--------+--------+--------+--------+-----+--------+
         Total |   1577 |   1537 |     40 |    414 |    930 |   2 |  788.5 |
       Dungeon |   1577 |   1537 |     40 |    414 |    930 |   2 |  788.5 |
               +--------+--------+--------+--------+--------+-----+--------+

Top non-repeatable levels by time:
     D:1: 1572 daAuts
     D:2: 5 daAuts
